 Dungeon Crawl Stone Soup version 0.25.1-2-g60ff931df9 (webtiles) character file.

Game seed: 17996139801302730193

217 Kaliet the Slasher (level 5, -1/43 HPs)
             Began as a Barachi Berserker on Nov 3, 2020.
             Was a Believer of Trog.
             Slain by a sky beast (6 damage)
             ... on level 4 of the Dungeon.
             The game lasted 00:36:48 (4024 turns).

Kaliet the Slasher (Barachi Berserker)              Turns: 4024, Time: 00:36:49

Health: -1/43      AC:  8    Str: 19    XL:     5   Next: 94%
Magic:  5/5        EV: 12    Int:  8    God:    Trog [**....]
Gold:   213        SH:  0    Dex: 11    Spells: 4/4 levels left

rFire    . . .     SeeInvis .   a - +0 falchion
rCold    . . .     Gourm    .   (no shield)
rNeg     . . .     Faith    .   g - +0 ring mail
rPois    .         Spirit   .   (no helmet)
rElec    .         Reflect  .   k - +0 cloak
rCorr    .         Harm     .   (no gloves)
MR       ++...                  m - +0 pair of boots
Stlth    +.........             d - amulet of magic regeneration
HPRegen  1.14/turn              (no ring)
MPRegen  0.34/turn              (no ring)

@: berserk cooldown, regenerating, slowed, very slow
A: +LOS, swims, slowness 1, strong legs 1
a: Hop, Berserk, Trog's Hand, Renounce Religion


You were on level 4 of the Dungeon.
You worshipped Trog.
Trog was pleased with you.
You were not hungry.

You visited 1 branch of the dungeon, and saw 4 of its levels.

You collected 213 gold pieces.

Inventory:

Hand Weapons
 a - a +0 falchion (weapon)
 j - a +2 quarterstaff of chaos
 l - a +0 mace
 t - a +0 hand axe
 w - a +2 dagger of holy wrath
 x - a +0 short sword of holy wrath
Armour
 b - a +0 animal skin
 g - a +0 ring mail (worn)
 i - a +0 leather armour
 k - a +0 cloak (worn)
 m - a +0 pair of boots (worn)
 u - a +0 leather armour
Jewellery
 d - an amulet of magic regeneration (around neck)
Scrolls
 e - a scroll of amnesia {unknown}
 f - a scroll of enchant weapon {unknown}
 n - 5 scrolls of teleportation
 o - 2 scrolls of magic mapping {unknown}
 s - 2 scrolls of remove curse {unknown}
 y - a scroll of identify {unknown}
 A - a scroll of immolation {unknown}
Potions
 h - a potion of brilliance {unknown}
 p - 3 potions of curing {unknown}
 q - 3 potions of lignification {unknown}
 r - a potion of ambrosia {unknown}
 v - a potion of haste {unknown}
 z - a potion of berserk rage {unknown}
Comestibles
 c - 3 rations


   Skills:
 + Level 4.6 Fighting
 + Level 6.0 Long Blades
 + Level 3.6 Armour
 + Level 2.9 Dodging
 + Level 1.0 Stealth


You had 4 spell levels left.
You didn't know any spells.
Your spell library contained the following spells:

 Spells                   Type           Power        Failure   Level  Hunger
 Corona                   Hex            #......      58%         1    ##.....
 Ensorcelled Hibernation  Hex/Ice        #.....       73%         2    ###....
 Confusing Touch          Hex            #.......     91%         3    ####...
 Dazzling Flash           Conj/Hex       #.....       91%         3    ####...
 Tukima's Dance           Hex            #.......     91%         3    ####...


Dungeon Overview and Level Annotations

Branches:
Dungeon (4/15)
 Temple: D:4-7

Altars:
Cheibriados
Elyvilon
Hepliaklqana
Okawaru
Ru
Uskayaw
Xom
Yredelemnul
Zin

Shops:
D:4 (


Innate Abilities, Weirdness & Mutations

You can be seen from farther away. (+LOS)
You can swim through water.
You cover ground slowly.
You can hop short distances.


Message History

You are exhausted.
You feel yourself slow down.
A sky beast appears from thin air!
Reactivating autopickup.
The sky beast hits you but does no damage.
The adder skeleton bites you but does no damage.
The orc wizard gestures wildly while chanting.
The orc wizard seems to speed up.
The orc wizard casts a spell.
The orc wizard flickers and vanishes!
Deactivating autopickup; reactivate with Ctrl-A.
The sky beast hits you.
* * * LOW HITPOINT WARNING * * *
The sky beast shocks you.
* * * LOW HITPOINT WARNING * * *
The sky beast hits you but does no damage.
The sky beast hits you.
* * * LOW HITPOINT WARNING * * *
The sky beast shocks you.
You die...

. #. .......##
..#####..#..... . ....
........ ? ...##......# .# #
#.........##.# #.
##.#.........###. #.
##∩...(##......... #.
#@.#............(#
######.####Y##............#
..........Z.##..o#........#
.........{####.o.#.o......#
.........#####o..#........#
...[....o....oo.............
.........#########..........
.........# #..........
.........# #..........


You could see a sky beast, an orc and an adder skeleton.

Vanquished Creatures
  Crazy Yiuf (D:2)
  Jessica (D:2)
  7 adders
  2 oozes (D:2)
  2 adder skeletons (D:3)
  A worm (D:2)
  2 dart slugs
  A leopard gecko (D:1)
  7 orcs (D:3)
  2 ball pythons
  4 giant cockroaches
  7 goblins
  8 hobgoblins
  6 jackals
  2 quokkas (D:3)
  5 bats
  4 frilled lizards
  5 kobolds
  6 rats
  3 fungi (D:2)
76 creatures vanquished.

Vanquished Creatures (others)
  4 toadstools (D:2)
4 creatures vanquished.

Grand Total: 80 creatures vanquished

Notes
Turn   | Place    | Note
-------+----------+-------------------------------------------
     0 | D:1      | Kaliet the Barachi Berserker began the quest for the Orb.
     0 | D:1      | Reached XP level 1. HP: 18/18 MP: 1/1
   362 | D:1      | Reached skill level 4 in Long Blades
   362 | D:1      | Reached XP level 2. HP: 24/25 MP: 2/2
   731 | D:2      | Noticed Jessica
  1155 | D:2      | Killed Jessica
  1155 | D:2      | Reached XP level 3. HP: 23/30 MP: 3/3
  1196 | D:2      | Found a snail-covered altar of Cheibriados.
  1253 | D:2      | Found a runed translucent door.
  1254 | D:2      | Noticed Crazy Yiuf
  1267 | D:2      | Killed Crazy Yiuf
  1267 | D:2      | Reached skill level 5 in Long Blades
  1267 | D:2      | Reached XP level 4. HP: 21/37 MP: 4/4
  1768 | D:2      | Found a basalt altar of Yredelemnul.
  1941 | D:2      | Found a shimmering altar of Xom.
  1987 | D:2      | Reached ** piety under Trog
  2194 | D:2      | Found a sacrificial altar of Ru.
  2196 | D:2      | Found a white marble altar of Elyvilon.
  2200 | D:2      | Found a glowing silver altar of Zin.
  2357 | D:2      | Found a hide-covered altar of Uskayaw.
  2360 | D:2      | Found an iron altar of Okawaru.
  2471 | D:3      | Reached XP level 5. HP: 24/43 MP: 5/5
  2909 | D:3      | Reached skill level 1 in Stealth
  3291 | D:3      | Found a hazy altar of Hepliaklqana.
  3703 | D:3      | Reached skill level 6 in Long Blades
  3990 | D:4      | Found Leof's Weapon Shoppe.
  3990 | D:4      | Noticed a sky beast
  4024 | D:4      | Slain by a sky beast

Illustrated notes

Levels and vault maps discovered:
D:1:      heliophobic_arrival_glass_houses, layout_loops_ring
D:2:      layout_loops_ring, cheibriados_altar_1, old_standard_altar,
          nicolae_overflow_hidden_temple, yredelemnul_altar_generic,
          chequers_ecumenical_altar_grove, minmay_gold_behind_fungi,
          uniq_jessica, uniq_crazy_yiuf_cottage
D:3:      kb_forest_paths, layout_basic, lemuel_doored_altar,
          grunt_ministairs_14, minmay_misc_feat_plants, minmay_pentomino_pile
D:4:      layout_rooms, makhleb_heckhound_becter, serial_shops, shop,
          first_ration, kennysheep_another_room, st_stairs_10

Skill      XL: |  1  2  3  4  5 |
---------------+----------------+-----
Long Blades    | 4 5 6 |  6.0
Fighting       | 4 |  4.6
Armour         | 3 |  3.6
Stealth        | 1 |  1.0
Dodging        | |  2.9

Action                   |  1- 3 |  4- 6 || total
-------------------------+-------+-------++-------
Melee: Falchion          |    54 |   218 ||   272
Invok: Berserk           |       |     1 ||     1
       Trog's Hand       |       |     1 ||     1
  Use: Scroll            |       |     1 ||     1
  Eat: Ration            |     1 |     3 ||     4
Armor: Animal skin       |     6 |       ||     6
       Ring mail         |     7 |    98 ||   105
Dodge: Dodged            |    25 |   133 ||   158
       Rpst.: Falchion   |     7 |    49 ||    56
